 Dungeon Crawl Stone Soup version 0.20.1-1-g8b1a95d (webtiles) character file.

203 QuCean the Shield-Bearer (level 5, 0/46 HPs)
             Began as a Minotaur Fighter on Oct 12, 2017.
             Slain by a hobgoblin
             ... wielding a +0 club
             ... led by Robin
              (4 damage)
             ... on level 3 of the Dungeon.
             The game lasted 00:07:42 (3121 turns).

QuCean the Shield-Bearer (Minotaur Fighter)         Turns: 3121, Time: 00:07:42

Health: 0/46       AC:  7    Str: 21    XL:     5   Next: 51%
Magic:  4/4        EV:  8    Int:  5    God:
Gold:   100        SH:  9    Dex: 10    Spells: 4/4 levels left

rFire    . . .     SeeInvis .   a - +0 war axe
rCold    . . .     Gourm    .   c - +0 shield
rNeg     + . .     Faith    .   b - +0 scale mail
rPois    .         Spirit   .   (helmet restricted)
rElec    .         Reflect  .   (no cloak)
rCorr    .         Harm     .   (no gloves)
MR       .....                  (no boots)
Stlth    ..........             (no amulet)
Regen    0.2/turn               (no ring)
MPRegen  0.1/turn               j - ring of positive energy

@: no status effects
A: retaliatory headbutt, horns 2
a: no special abilities


You were on level 3 of the Dungeon.
You were not hungry.

You visited 1 branch of the dungeon, and saw 3 of its levels.

You collected 100 gold pieces.

Inventory:

Hand Weapons
 a - a +0 war axe (weapon)
Armour
 b - a +0 scale mail (worn)
 c - a +0 shield (worn)
Jewellery
 j - a ring of positive energy (right hand)
Wands
 n - a wand of enslavement (7/24)
Scrolls
 f - a scroll of remove curse
 o - a scroll of noise
 p - 2 scrolls of recharging {unknown}
 q - a scroll of identify
 r - a scroll of teleportation {unknown}
 s - a scroll of enchant armour {unknown}
Potions
 d - a potion of might
 e - a potion of degeneration {unknown}
 h - a potion of invisibility {unknown}
 k - a potion of curing {unknown}
Comestibles
 g - 3 chunks of flesh
 i - 3 meat rations
 l - a royal jelly
 m - 4 fruits


   Skills:
 + Level 4.3 Fighting
 + Level 4.6 Axes
 + Level 4.6 Armour
 + Level 1.2 Dodging
 + Level 0.3 Stealth
 + Level 4.8 Shields


You had 4 spell levels left.
You didn't know any spells.

Dungeon Overview and Level Annotations

Branches:
Dungeon (3/15)

Altars:
Xom

Annotations:
D:3 Robin


Innate Abilities, Weirdness & Mutations

You reflexively headbutt those who attack you in melee.
You have a pair of horns on your head.


Message History

* * * LOW HITPOINT WARNING * * *
The hobgoblin hits you but does no damage.
Robin barely misses you. The goblin barely misses you. You furiously retaliate!
You headbutt the goblin!
You kill the goblin!
The goblin hits you with a club.
* * * LOW HITPOINT WARNING * * *
Unknown command.
Unknown command.
You barely miss the hobgoblin. You slash the goblin!
You kill the goblin!
You hit the hobgoblin but do no damage. The hobgoblin hits you with a club.
* * * LOW HITPOINT WARNING * * *
The hobgoblin closely misses you. You furiously retaliate!
You headbutt the hobgoblin.
You kill the hobgoblin!
Robin hits you from afar with a trident.
* * * LOW HITPOINT WARNING * * *
The hobgoblin hits you with a club.
You die...

.##......#
##......### #
#.........#
#.#.......#.#
.........#.####
##......#....#
#)).......#.#
#.))......# #
#)@)......#
#.g.......#
#.g.......#
#.........#
...........#
g...........#
g...........+
............


You could see Robin and a hobgoblin.

Vanquished Creatures
  Ijyb (D:3)
  Crazy Yiuf (D:2)
  Terence (D:3)
  5 adders
  A dart slug (D:2)
  A worm (D:3)
  3 leopard geckos (D:1)
  9 bats
  3 giant cockroaches
  17 goblins
  8 hobgoblins
  4 jackals (D:2)
  5 frilled lizards
  9 kobolds
  5 rats
73 creatures vanquished.

Notes
Turn   | Place    | Note
-------+----------+-------------------------------------------
     0 | D:1      | QuCean the Minotaur Fighter began the quest for the Orb.
     0 | D:1      | Reached XP level 1. HP: 19/19 MP: 0/0
   389 | D:1      | Reached XP level 2. HP: 27/27 MP: 1/1
  1572 | D:2      | Reached XP level 3. HP: 33/33 MP: 2/2
  1902 | D:2      | Reached XP level 4. HP: 39/40 MP: 3/3
  2100 | D:2      | Found a shimmering altar of Xom.
  2588 | D:2      | Found a runed door.
  2592 | D:2      | Noticed Crazy Yiuf
  2595 | D:2      | Killed Crazy Yiuf
  2691 | D:3      | Noticed Terence
  2699 | D:3      | Killed Terence
  2699 | D:3      | Reached skill level 1 in Dodging
  2699 | D:3      | Reached XP level 5. HP: 41/46 MP: 4/4
  2718 | D:3      | Noticed Ijyb
  2735 | D:3      | Killed Ijyb
  3109 | D:3      | Noticed Robin
  3121 | D:3      | Slain by a hobgoblin

Skill      XL: |  1  2  3  4  5 |
---------------+----------------+-----
Armour         | 4 |  4.6
Shields        | 4 |  4.8
Fighting       | 4 |  4.3
Axes           | 3 4 |  4.6
Dodging        | 1 |  1.2
Stealth        | |  0.3

Action                   |  1- 3 |  4- 6 || total
-------------------------+-------+-------++-------
Melee: War axe           |    90 |    76 ||   166
       Headbutt          |    10 |     7 ||    17
  Use: Scroll            |     1 |     2 ||     3
  Eat: Royal jelly       |     1 |       ||     1
       Chunk             |     1 |       ||     1
       Bread ration      |       |     1 ||     1
Armor: Scale mail        |    60 |    57 ||   117
Dodge: Dodged            |    28 |    46 ||    74
Block: Shield            |    67 |    49 ||   116
